Map: Eastwatch LE

Players

CynderQuil - Winner!

  • Race: Protoss Protoss
  • League: Platinum
  • Spawn Location: 7:00

Xoning

  • Race: Zerg Zerg
  • League: Gold
  • Spawn Location: 1:00

VOD

Have the link to the VOD?

Description

This is just the video of me recruiting someone to the House of Zen I figured you could use to close off the analysis/submissions. No pressure to actually use this one!

Time

  • Played on: March 1, 2018, 10:16 p.m.
  • Length: 17:17
Show
View Real Time Build Order
Export as new Build Order

CynderQuil Protoss - Winner!

Build Orders: Oracle Opening 

Get SALT Encoding   

  12  0:10  Probe  
  13  0:22  Probe  
  13  0:23  Pylon  
  14  0:33  Assimilator  
  14  0:34  Probe  
  15  0:48  Probe  
  16  0:52  Gateway  
  16  1:00  Probe  
  17  1:12  Probe  
  18  1:27  Pylon  
  19  1:40  Probe  
  19  1:45  Cybernetics Core  
  19  1:47  Forge  
  19  1:50  Gateway  
  19  1:59  Probe (Chrono Boost)  
  20  2:03  Assimilator  
  20  2:11  Probe (Chrono Boost)  
  21  2:16  Probe (Chrono Boost)  
  21  2:21  Adept  
  24  2:25  Probe  
  24  2:28  Photon Cannon  
  25  2:32  Warp Gate  
  25  2:42  Pylon  
  25  2:48  Stargate  
  25  3:01  Nexus  
  25  3:17  Pylon  
  25  3:18  Probe  
  26  3:21  Assimilator  
  26  3:26  Adept  
  28  3:30  Probe  
  28  3:32  Oracle (Chrono Boost)  
  32  3:42  Adept  
  32  3:45  Probe  
  35  3:57  Probe  
  36  4:03  Stargate  
  36  4:11  Probe  
  36  4:13  Probe  
  38  4:19  Pylon  
  38  4:44  Probe x2  
  37  4:49  Oracle  
  40  4:56  Probe x2  
  40  4:59  Oracle  
  45  5:08  Probe x2  
  47  5:14  Protoss Ground Weapons Level 1  
  47  5:20  Twilight Council  
  47  5:21  Probe (Chrono Boost)  
  47  5:22  Probe (Chrono Boost)  
  47  5:25  Pylon  
  49  5:34  Probe x2 (Chrono Boost)  
  51  5:52  Assimilator  
  51  6:11  Probe x2  
  53  6:13  Oracle x2 (Chrono Boost)  
  59  6:20  Adept  
  59  6:21  Adept  
  59  6:22  Resonating Glaives  
  59  6:23  Probe  
  64  6:26  Probe  
  65  6:35  Probe  
  66  6:46  Fleet Beacon  
  66  6:51  Zealot  
  66  6:52  Zealot  
  70  7:03  Pylon  
  70  7:06  Pylon  
  70  7:07  Phoenix x2 (Chrono Boost)  
  74  7:09  Pylon  
  74  7:13  Gateway x2  
  74  7:14  Gateway  
  74  7:29  Carrier (Chrono Boost)  
  83  7:41  Oracle (Chrono Boost)  
  83  7:46  Graviton Catapult  
  83  7:56  Nexus  
  83  8:00  Charge (Chrono Boost)  
  83  8:04  Pylon  
  83  8:06  Pylon  
  83  8:09  Pylon, Protoss Shields Level 1 (Chrono Boost)  
  83  8:11  Assimilator  
  83  8:13  Assimilator, Zealot  
  83  8:14  Zealot x4  
  93  8:29  Templar Archives  
  93  8:37  Probe x2  
  95  8:49  Probe x2  
  97  8:56  Protoss Air Armor Level 1 (Chrono Boost)  
  97  9:01  Probe  
  97  9:02  Probe, Carrier (Chrono Boost)  
  99  9:08  Zealot x3  
  99  9:09  Zealot x2  
  115  9:11  Probe  
  115  9:13  Probe  
  115  9:14  Probe  
  118  9:21  Carrier (Chrono Boost)  
  118  9:23  Probe  
  125  9:37  Cybernetics Core  
  125  9:39  Gateway  
  125  9:40  Gateway  
  125  9:52  Probe x3  
  128  9:55  Psionic Storm  
  128  10:07  High Templar x2  
  128  10:10  High Templar  
  134  10:19  Protoss Air Weapons Level 1 (Chrono Boost)  
  134  10:26  Protoss Shields Level 2  
  134  10:43  Pylon  
  134  10:49  Robotics Facility  
  134  10:50  Gateway  
  134  10:53  Gateway x2  
  134  10:57  Gateway  
  134  11:00  Carrier (Chrono Boost), Gateway  
  134  11:02  Gateway  
  134  11:04  Pylon x2  
  134  11:05  Carrier (Chrono Boost), Pylon  
  134  11:07  Pylon  
  140  11:18  High Templar  
  148  11:54  Observer (Chrono Boost)  
  149  12:01  Pylon  
  149  12:03  Pylon, Zealot  
  149  12:04  Pylon, Zealot x6  
  149  12:05  Zealot x5  
  149  12:06  Zealot  
  175  12:12  Robotics Bay  
  175  12:35  Protoss Shields Level 3  
  175  12:39  Warp Prism  
  175  12:42  Nexus  
  177  12:44  Protoss Air Weapons Level 2 (Chrono Boost)  
  177  12:46  Assimilator  
  177  12:48  Assimilator  
  177  12:52  Pylon  
  177  12:56  Pylon  
  177  12:58  Pylon  
  136  13:21  Zealot x3  
  136  13:22  Zealot x2  
  136  13:24  High Templar x3  
  136  13:25  High Templar x4, Zealot  
  162  13:52  Carrier x2 (Chrono Boost)  
  168  14:01  Observer Gravitic Boosters  
Show
View Real Time Build Order
Export as new Build Order

Xoning Zerg 

Build Orders: Pool First, Swarm Host 

Get SALT Encoding   

  12  0:03  Drone  
  13  0:12  Drone  
  14  0:17  Overlord  
  14  0:29  Extractor, Drone  
  14  0:42  Drone x2  
  16  0:55  Spawning Pool  
  16  0:57  Drone  
  16  1:06  Drone  
  17  1:17  Drone  
  18  1:21  Drone  
  19  1:39  Hatchery  
  18  1:47  Drone x2  
  19  1:50  Metabolic Boost  
  20  1:59  Queen  
  22  2:08  Overlord  
  22  2:31  Drone  
  22  2:32  Drone x2  
  25  2:47  Queen  
  25  2:50  Queen  
  29  2:51  Overlord  
  29  2:54  Drone x2  
  31  3:08  Drone x2  
  33  3:17  Drone x4  
  37  3:27  Roach Warren  
  37  3:31  Drone  
  37  3:32  Drone x2  
  39  3:42  Drone x5  
  39  3:47  Lair, Extractor  
  43  3:57  Drone  
  43  3:59  Overlord  
  43  4:00  Overlord  
  44  4:17  Queen, Drone  
  44  4:22  Extractor  
  44  4:23  Extractor  
  43  4:45  Drone x3  
  45  4:48  Drone x2  
  47  4:58  Drone x2  
  47  4:59  Drone  
  50  5:17  Roach x5  
  60  5:25  Hydralisk Den  
  59  5:30  Drone  
  60  5:51  Hatchery  
  59  6:07  Overlord x2  
  59  6:11  Overlord x6  
  59  6:12  Overlord x3  
  59  6:16  Glial Reconstitution, Muscular Augments  
  59  7:00  Hydralisk  
  59  7:01  Hydralisk x8  
  77  7:30  Hydralisk  
  77  7:31  Hydralisk x3  
  85  7:41  Lurker Den  
  85  7:44  Infestation Pit  
  83  7:49  Evolution Chamber  
  82  7:52  Evolution Chamber, Drone  
  82  7:53  Drone x6  
  89  7:58  Drone  
  89  7:59  Drone x5  
  94  8:07  Queen  
  96  8:30  Hydralisk  
  96  8:31  Hydralisk x9  
  116  8:44  Drone  
  116  8:45  Drone x5  
  122  8:54  Drone x2  
  122  8:55  Drone  
  125  8:56  Zerg Missile Weapons Level 1  
  125  8:57  Zerg Ground Armor Level 1  
  125  9:01  Grooved Spines  
  125  9:07  Hive  
  125  9:47  Drone x8  
  125  9:48  Drone  
  125  9:50  Hatchery  
  133  9:53  Extractor  
  133  9:56  Extractor  
  131  10:14  Swarm Host  
  131  10:15  Swarm Host x6  
  131  10:18  Overlord x10  
  131  10:19  Overlord x2  
  152  10:24  Adaptive Talons  
  152  10:32  Spire  
  151  10:36  Ultralisk Cavern  
  151  10:38  Drone  
  151  10:39  Drone x4  
  155  11:22  Extractor  
  155  11:24  Extractor  
  153  11:35  Drone x4  
  153  11:36  Drone x2  
  153  11:38  Zerg Ground Armor Level 2  
  153  11:39  Zerg Missile Weapons Level 2  
  159  11:42  Chitinous Plating  
  159  11:45  Greater Spire  
  159  11:47  Infestor  
  159  11:48  Infestor x5  
  167  13:08  Corruptor  
  167  13:09  Corruptor x13  
  122  13:22  Queen  
  122  13:52  Corruptor x7  
  136  13:58  Burrow  
  132  14:10  Corruptor x4  
  112  14:30  Overlord  
  112  14:31  Overlord x12  
Tags
 
Add a new tag
Caveats
  • Supply blocks, unpowered buildings, or Contaminate may cause inaccurate times.
  • Supply counts are checked every 10 seconds.